 Dungeon Crawl Stone Soup version 0.28.0-53-g5a82cb258f (webtiles) character file.

Game seed: 315077837191317906

4828 DearestLeader the Blocker (level 10, -24/64 (82) HPs)
             Began as a Gnoll Fighter on May 24, 2022.
             Was a Priest of Okawaru.
             Killed from afar by Josephine (40 damage)
             ... with a ghostly fireball
             ... on level 9 of the Dungeon.
             The game lasted 00:14:07 (11915 turns).

DearestLeader the Blocker (Gnoll Fighter)          Turns: 11915, Time: 00:14:07

HP:   -24/64 (82)   AC: 16    Str: 20    XL:     10   Next: 49%
MP:   0/18          EV: 17    Int: 12    God:    Okawaru [***...]
Gold: 450           SH:  8    Dex: 17    Spells: 14/19 levels left

rFire   . . .      SeeInvis .   J - +3 war axe of Desertification {vorpal, +Blink Int+4}
rCold   . . .      Faith    .   c - +0 buckler
rNeg    . . .      Spirit   +   a - +0 acid dragon scales
rPois   .          Reflect  .   w - +0 helmet
rElec   .          Harm     .   q - +0 cloak
rCorr   +          Rampage  .   r - +0 pair of gloves
Will    .....                   D - +0 pair of boots
Stlth   ++++......              x - amulet of guardian spirit
HPRegen 0.20/turn               z - +6 ring of dexterity
MPRegen 0.16/turn               (no ring)

@: heroic, heavily drained
A: fangs 1, strong nose, distributed training
a: Renounce Religion, Evoke Blink, Heroism


You were on level 9 of the Dungeon.
You worshipped Okawaru.
Okawaru was most pleased with you.
You visited 2 branches of the dungeon, and saw 11 of its levels.

You collected 504 gold pieces.
You spent 54 gold pieces at shops.

Inventory:

Hand Weapons
 C - a +0 broad axe
 J - the +3 war axe of Desertification (weapon) {vorpal, +Blink Int+4}
   (You found it on level 7 of the Dungeon)

   It inflicts extra damage upon your enemies.
   Int:       It affects your intelligence (+4).
   +Blink:    It lets you blink.
Missiles
 e - 4 poisoned darts (quivered)
 y - 3 throwing nets
Armour
 a - +0 acid dragon scales (worn)
 b - a +0 scale mail
 c - a +0 buckler (worn)
 q - a +0 cloak (worn)
 r - a +0 pair of gloves (worn)
 u - a +0 chain mail
 w - a +0 helmet (worn)
 D - a +0 pair of boots (worn)
Jewellery
 x - an amulet of guardian spirit (around neck)
 z - a +6 ring of dexterity (left hand)
 G - a +4 ring of evasion
Wands
 d - a wand of polymorph (8)
 l - a wand of iceblast (12)
 o - a wand of flame (10)
 H - a wand of digging (6)
 I - a wand of paralysis (11)
Scrolls
 g - 2 scrolls of fear
 k - 3 scrolls of vulnerability
 t - a scroll of brand weapon {unknown}
 v - a scroll of teleportation
 A - a scroll of silence
Potions
 f - 2 potions of invisibility
 h - 3 potions of might
 i - 6 potions of curing
 m - 5 potions of brilliance
 n - a potion of cancellation
 p - a potion of degeneration {unknown}
 s - a potion of heal wounds
 B - a potion of lignification {unknown}
 E - a potion of attraction {unknown}
 F - a potion of haste {unknown}


   Skills:
 + Level 8.5(13.5) Fighting
 + Level 5.3(10.3) Short Blades
 + Level 5.3(10.3) Long Blades
 + Level 7.1(12.1) Axes
 + Level 5.3(10.3) Maces & Flails
 + Level 5.3(10.3) Polearms
 + Level 5.3(10.3) Staves
 + Level 5.3(10.3) Slings
 + Level 5.3(10.3) Bows
 + Level 5.3(10.3) Crossbows
 + Level 5.3(10.3) Throwing
 + Level 8.5(13.5) Armour
 + Level 5.3(10.3) Dodging
 + Level 5.3(10.3) Stealth
 + Level 8.5(13.5) Shields
 + Level 5.3(10.3) Unarmed Combat
 + Level 5.3 Spellcasting
 + Level 4.4 Conjurations
 + Level 4.4 Hexes
 + Level 4.4 Summonings
 + Level 4.4 Necromancy
 + Level 4.4 Translocations
 + Level 4.4 Transmutations
 + Level 4.4 Fire Magic
 + Level 4.4 Ice Magic
 + Level 4.4 Air Magic
 + Level 4.4 Earth Magic
 + Level 4.4 Poison Magic
 + Level 5.8 Invocations
 + Level 5.3 Evocations


You had 14 spell levels left.
You knew the following spells:

 Your Spells              Type           Power      Damage    Failure   Level
a - Ensorcelled Hibernat  Hex/Ice        26%        N/A       7%          2
b - Swiftness             Air            13%        N/A       13%         3

Your spell library contained the following spells:

 Spells                   Type           Power      Damage    Failure   Level
 Passwall                 Tmut/Erth      10%        N/A       7%          2
 Static Discharge         Conj/Air       13%        N/A       7%          2
 Anguish                  Hex/Necr       6%         N/A       41%         4
 Dispel Undead            Necr           13%        3d9       41%         4
 Sticky Flame             Conj/Fire      13%        2d4       41%         4
 Fireball                 Conj/Fire      6%         3d5       77%         5
 Starburst                Conj/Fire      6%         6d4       100%        6
 Enfeeble                 Hex            6%         N/A       100%        7
 Ignition                 Fire           6%         3d4       100%        8
 Tukima's Dance           Hex            Unusable   N/A       N/A         3

Dungeon Overview and Level Annotations

Branches:
Dungeon (10/15)            Temple (1/1) D:5
   Lair: D:8-11         Orc: D:9-12

Altars:
Ashenzari
Cheibriados
Dithmenos
Elyvilon
Fedhas
Gozag
Hepliaklqana
Kikubaaqudgha
Makhleb
Nemelex Xobeh
Okawaru
Qazlal
Ru
Sif Muna
Trog
Uskayaw
Vehumet
Wu Jian
Xom
Yredelemnul
Zin
The Shining One

Shops:
D:7 *

Annotations:
D:9 Josephine
D:10 Grum, Joseph, Urug


Innate Abilities, Weirdness & Mutations

You have very sharp teeth.
Your uncanny sense of smell can sniff out nearby items.
Your experience applies equally to all skills.


Message History

Josephine is moderately wounded.
Josephine grins malevolently.
Josephine gestures at you while chanting.
The ghostly flame explodes!
The ghostly fireball engulfs you!!
You feel drained.
The ghostly fireball engulfs Josephine.
Josephine completely resists.
You slash Josephine! Your bite misses Josephine.
Josephine is heavily wounded.
Josephine hits you but does no damage.
You completely miss Josephine. Your bite misses Josephine.
Josephine is heavily wounded.
You block Josephine's attack. Josephine barely misses you.
You slash Josephine!
Josephine is heavily wounded.
Josephine draws life force from you!!
Josephine is healed by the life force!
You barely miss Josephine.
Josephine is moderately wounded.
Josephine hits you with a +0 dagger!
* * * LOW HITPOINT WARNING * * *
Unknown command.
You slash Josephine!
Josephine is heavily wounded.
Josephine misses you.
You hit Josephine.
Josephine is heavily wounded.
Josephine hits you with a +0 dagger.
* * * LOW HITPOINT WARNING * * *
Unknown command.
You gain the combat prowess of a mighty hero.
Josephine completely misses you.
You hit Josephine. You bite Josephine, but do no damage.
Josephine is heavily wounded.
Josephine completely misses you.
You slash Josephine! Your bite misses Josephine.
Josephine is almost dead.
Josephine points at you and mumbles some strange words.
The ghostly flame explodes!
The ghostly fireball engulfs you!!!
You feel drained.
Ouch! That really hurt!
You die...

#.# #.#########....#### #.#
#.######......^..........# #.#
#........................# #.#
#.............##......>..# #.#
#############>#####...######..
#.# #W@.##.....# #.#
#...##.###.# #.######.###.#
#.. #@@W.........###..
############..>..# #######


You could see Josephine (empowered) and a wraith.

Vanquished Creatures
  A cyclops (D:8)
  A hornet (D:9)
  7 yaks (D:9)
  A wraith (D:8)
  An acid dragon (D:9)
  A sky beast (D:8)
  2 orc warriors
  A hornet zombie (D:8)
  An ice beast (D:7)
  2 necrophages
  4 ogres
  A centaur (D:8)
  3 wolves (D:9)
  3 bullfrogs
  2 scorpions
  2 water moccasin skeletons (D:4)
  3 howler monkeys
  3 bullfrog zombies
  3 centaur zombies
  Crazy Yiuf (D:2)
  A jelly (D:6)
  2 gnoll shamans
  2 hounds (D:4)
  Ijyb (D:4)
  Jessica (D:2)
  7 orc wizards
  6 iguanas
  2 killer bee zombies
  2 mummies (D:8)
  Robin (D:4)
  2 howler monkey zombies (D:9)
  17 gnolls
  5 adders
  A shadow imp (D:5)
  A white imp (D:6)
  A worm (D:2)
  3 dart slugs
  15 orcs
  4 endoplasms
  A giant cockroach (D:2)
  38 goblins
  31 hobgoblins
  4 jackals (D:1)
  7 kobolds
  4 quokkas
  5 ball pythons
  3 bats
  4 frilled lizards
  9 rats
223 creatures vanquished.

Vanquished Creatures (others)
  A withered plant (D:8)
1 creature vanquished.

Grand Total: 224 creatures vanquished

Notes
Turn   | Place    | Note
-------+----------+-------------------------------------------
     0 | D:1      | DearestLeader the Gnoll Fighter began the quest for the
                  | Orb.
     0 | D:1      | Reached XP level 1. HP: 23/23 MP: 1/1
   133 | D:1      | Reached XP level 2. HP: 29/29 MP: 2/2
   581 | D:1      | Reached XP level 3. HP: 35/35 MP: 3/3
   847 | D:1      | Found a faded altar of an unknown god.
   934 | D:2      | Noticed Jessica
   950 | D:2      | Reached skill level 1 in Invocations
   952 | D:2      | Killed Jessica
   953 | D:2      | Reached skill level 1 in Short Blades
   953 | D:2      | Reached skill level 1 in Long Blades
   953 | D:2      | Reached skill level 1 in Maces & Flails
   953 | D:2      | Reached skill level 1 in Polearms
   953 | D:2      | Reached skill level 1 in Staves
   953 | D:2      | Reached skill level 1 in Slings
   953 | D:2      | Reached skill level 1 in Bows
   953 | D:2      | Reached skill level 1 in Crossbows
   953 | D:2      | Reached skill level 1 in Throwing
   953 | D:2      | Reached skill level 1 in Dodging
   953 | D:2      | Reached skill level 1 in Stealth
   953 | D:2      | Reached skill level 1 in Unarmed Combat
   953 | D:2      | Reached skill level 1 in Spellcasting
   953 | D:2      | Reached skill level 1 in Evocations
   953 | D:2      | Reached XP level 4. HP: 22/41 MP: 5/5
  1428 | D:1      | Reached skill level 1 in Conjurations
  1428 | D:1      | Reached skill level 1 in Hexes
  1428 | D:1      | Reached skill level 1 in Summonings
  1428 | D:1      | Reached skill level 1 in Necromancy
  1428 | D:1      | Reached skill level 1 in Translocations
  1428 | D:1      | Reached skill level 1 in Transmutations
  1428 | D:1      | Reached skill level 1 in Fire Magic
  1428 | D:1      | Reached skill level 1 in Ice Magic
  1428 | D:1      | Reached skill level 1 in Air Magic
  1428 | D:1      | Reached skill level 1 in Earth Magic
  1428 | D:1      | Reached skill level 1 in Poison Magic
  1719 | D:2      | Found a runed translucent door.
  1720 | D:2      | Noticed Crazy Yiuf
  1999 | D:2      | You fall into a shaft and drop 2 floors!
  2031 | D:4      | Reached XP level 5. HP: 30/47 MP: 6/6
  2248 | D:4      | Noticed Ijyb
  2264 | D:4      | Killed Ijyb
  2813 | D:2      | Found an ancient bone altar of Kikubaaqudgha.
  3087 | D:2      | Killed Crazy Yiuf
  3611 | D:4      | Reached XP level 6. HP: 53/53 MP: 8/8
  3628 | D:4      | Reached skill level 5 in Axes
  3928 | D:4      | Found a glowing golden altar of the Shining One.
  4009 | D:4      | Reached XP level 7. HP: 8/59 MP: 10/10
  4547 | D:4      | Noticed Robin
  4577 | D:4      | Killed Robin
  5569 | D:5      | Entered Level 5 of the Dungeon
  5630 | D:5      | Reached XP level 8. HP: 51/67 MP: 9/12
  5751 | D:5      | Found a staircase to the Ecumenical Temple.
  5758 | Temple   | Entered the Ecumenical Temple
  5820 | Temple   | Became a worshipper of Warmaster Okawaru
  6626 | D:6      | Found a sacrificial altar of Ru.
  7280 | D:6      | Found a burning altar of Makhleb.
  7292 | D:6      | Reached * piety under Okawaru
  7528 | D:7      | Found Afeerov's Assorted Antiques.
  7542 | D:7      | Bought a brown potion for 27 gold pieces
  7542 | D:7      | Bought a bubbling coppery potion for 27 gold pieces
  7851 | D:7      | Found a basalt altar of Yredelemnul.
  7852 | D:7      | Found a snail-covered altar of Cheibriados.
  7853 | D:7      | Found a shimmering blue altar of Sif Muna.
  7856 | D:7      | Found a stormy altar of Qazlal.
  8092 | D:7      | Reached XP level 9. HP: 72/72 MP: 14/14
  8121 | D:7      | Identified the +3 war axe of Desertification {vorpal,
                  | +Blink Int+4}
  8297 | D:7      | Found an ornate altar of the Wu Jian Council.
  8702 | D:8      | Noticed a cyclops
  8718 | D:8      | Killed a cyclops
  8827 | D:8      | Reached ** piety under Okawaru
  9324 | D:8      | Reached skill level 5 in Invocations
  9845 | D:9      | Reached XP level 10. HP: 50/80 MP: 10/17
  9852 | D:9      | Reached *** piety under Okawaru
  9852 | D:9      | Received a gift from Okawaru
 10370 | D:9      | Reached skill level 5 in Short Blades
 10370 | D:9      | Reached skill level 5 in Long Blades
 10370 | D:9      | Reached skill level 5 in Maces & Flails
 10370 | D:9      | Reached skill level 5 in Polearms
 10370 | D:9      | Reached skill level 5 in Staves
 10370 | D:9      | Reached skill level 5 in Slings
 10370 | D:9      | Reached skill level 5 in Bows
 10370 | D:9      | Reached skill level 5 in Crossbows
 10370 | D:9      | Reached skill level 5 in Throwing
 10370 | D:9      | Reached skill level 5 in Dodging
 10370 | D:9      | Reached skill level 5 in Stealth
 10370 | D:9      | Reached skill level 5 in Unarmed Combat
 10370 | D:9      | Reached skill level 5 in Spellcasting
 10370 | D:9      | Reached skill level 5 in Evocations
 10561 | D:9      | Learned a level 2 spell: Ensorcelled Hibernation
 10565 | D:9      | Learned a level 3 spell: Swiftness
 10976 | D:9      | Paralysed by a hornet for 2 turns
 10983 | D:9      | Paralysed by a hornet for 3 turns
 10990 | D:9      | Paralysed by a hornet for 3 turns
 11293 | D:10     | Entered Level 10 of the Dungeon
 11310 | D:10     | Noticed Grum
 11313 | D:10     | Noticed a two-headed ogre
 11321 | D:10     | Noticed Joseph
 11331 | D:10     | Noticed Urug
 11635 | D:10     | Noticed Josephine
 11915 | D:9      | Killed from afar by Josephine

Illustrated notes

Levels and vault maps discovered:
D:1:      roderic_chinese_lattice_arrival, layout_loops_ring,
          shapermc_ecumenical_altar_mp_ritualfount
D:2:      layout_loops_ring, basic_altar, kennysheep_path_1, uniq_jessica,
          uniq_crazy_yiuf_cottage
D:3:      layout_loops_cross
D:4:      minmay_goblin_kobold_castle, layout_basic,
          nicolae_tso_carved_into_rock, serial_park_tiny_2,
          minmay_misc_feat_ornament, hangedman_decor_clover_reticule,
          corexii_item_surrounded_by_moat, uniq_ijyb, uniq_robin
D:5:      minmay_skewed_foursquare, layout_rooms,
          minmay_temple_entry_sparse_star
D:6:      layout_cave_pools, mainiacjoe_overflow_alcove_2,
          nicolae_overflow_hidden_temple
D:7:      layout_loops_cross, kennysheep_mini_moat, minitemple, serial_shops,
          shop
D:8:      layout_basic, serial_undead, serial_undead_e, serial_undead_e,
          serial_undead_e, serial_undead_f
D:9:      layout_loops_ring, grunt_ministairs_5, nrook_mini_vaults
D:10:     layout_big_octagon, orc_0_dummy, serial_shops,
          nicolae_shop_behind_doors, uniq_grum, uniq_josephine, uniq_urug,
          uniq_joseph
Temple:   eino_temple_water

Skill      XL: |  1  2  3  4  5  6  7  8  9 10 |
---------------+-------------------------------+-----
Invocations    | 1 2 3 4 5 |  5.8
Short Blades   | 1 2 3 4 5 |  5.3
Long Blades    | 1 2 3 4 5 |  5.3
Maces & Flails | 1 2 3 4 5 |  5.3
Polearms       | 1 2 3 4 5 |  5.3
Staves         | 1 2 3 4 5 |  5.3
Slings         | 1 2 3 4 5 |  5.3
Bows           | 1 2 3 4 5 |  5.3
Crossbows      | 1 2 3 4 5 |  5.3
Throwing       | 1 2 3 4 5 |  5.3
Dodging        | 1 2 3 4 5 |  5.3
Stealth        | 1 2 3 4 5 |  5.3
Unarmed Combat | 1 2 3 4 5 |  5.3
Spellcasting   | 1 2 3 4 5 |  5.3
Evocations     | 1 2 3 4 5 |  5.3
Conjurations   | 1 2 3 4 |  4.4
Hexes          | 1 2 3 4 |  4.4
Summonings     | 1 2 3 4 |  4.4
Necromancy     | 1 2 3 4 |  4.4
Translocations | 1 2 3 4 |  4.4
Transmutations | 1 2 3 4 |  4.4
Fire Magic     | 1 2 3 4 |  4.4
Ice Magic      | 1 2 3 4 |  4.4
Air Magic      | 1 2 3 4 |  4.4
Earth Magic    | 1 2 3 4 |  4.4
Poison Magic   | 1 2 3 4 |  4.4
Axes           | 5 6 7 |  7.1
Fighting       | 7 8 |  8.5
Armour         | 7 8 |  8.5
Shields        | 7 8 |  8.5

Action                   |  1- 3 |  4- 6 |  7- 9 | 10-12 || total
-------------------------+-------+-------+-------+-------++-------
Melee: War axe           |    82 |   117 |   329 |   122 ||   650
       Bite              |     6 |    10 |    47 |    15 ||    78
       Dagger            |       |     8 |     3 |       ||    11
       Broad axe         |       |       |    54 |       ||    54
Invok: Heroism           |       |       |     1 |     2 ||     3
  Use: Potion            |     1 |       |       |     3 ||     4
       Scroll            |       |       |    10 |       ||    10
 Stab: Distracted        |       |       |       |     1 ||     1
Armor: Scale mail        |    39 |    37 |       |       ||    76
       Chain mail        |       |     6 |   224 |    32 ||   262
       Acid dragon scale |       |       |       |    36 ||    36
Dodge: Dodged            |    40 |    59 |   153 |    92 ||   344
Block: Buckler           |    25 |    40 |   120 |    52 ||   237
